 Dungeon Crawl Stone Soup version 0.32-a0-938-g40ac7a0f4d (webtiles) character file.

Game seed: 11444525406066993128

289 Fodor the Covered (level 6, -1/53 HPs)
             Began as a Minotaur Fighter on Apr 15, 2024.
             Slain by a black bear (3 damage)
             ... on level 6 of the Dungeon.
             The game lasted 00:07:16 (2611 turns).

Fodor the Covered (Minotaur Fighter)                Turns: 2611, Time: 00:07:16

Health: -1/53      AC:  9    Str: 23    XL:     6   Next: 9%
Magic:  5/5        EV:  6    Int:  5    God:
Gold:   149        SH:  8    Dex:  9    Spells: 5/5 levels left

rFire   . . .        a - +0 war axe
rCold   . . .        c - +0 kite shield
rNeg    . . .        h - +0 chain mail
rPois   .            (helmet restricted)
rElec   .            (no cloak)
rCorr   .            (no gloves)
SInv    .            (no boots)
Will    +....        (no amulet) Stlth
                     g - ring of willpower
HPRegen 0.28/turn    (no ring)
MPRegen 0.09/turn

%: no passive effects
@: no status effects
A: horns 2, retaliatory headbutt
a: no special abilities


You were on level 6 of the Dungeon.
You visited 2 branches of the dungeon, and saw 7 of its levels.

You collected 149 gold pieces.

Inventory:

Hand Weapons
 a - a +0 war axe (weapon)
Missiles
 q - 5 boomerangs (quivered)
Armour
 c - a +0 kite shield (worn)
 h - a +0 chain mail (worn)
Jewellery
 g - a ring of willpower (left hand)
 u - a ring of wizardry
Wands
 v - a wand of iceblast (11)
 w - a wand of polymorph (6)
Scrolls
 e - 2 scrolls of enchant armour {unknown}
 f - 2 scrolls of immolation {unknown}
 i - 2 scrolls of identify {unknown}
 m - 3 scrolls of poison {unknown}
 n - 3 scrolls of revelation {unknown}
 r - a scroll of teleportation {unknown}
 s - 3 scrolls of fear {unknown}
 t - a scroll of vulnerability {unknown}
Potions
 b - 2 potions of curing {unknown}
 d - a potion of might
 j - a potion of lignification {unknown}
 k - 2 potions of enlightenment {unknown}
 l - 2 potions of magic {unknown}
 o - a potion of cancellation {unknown}
 p - a potion of mutation {unknown}


   Skills:
 + Level 4.5 Fighting
 + Level 4.7 Axes
 + Level 1.3 Throwing
 + Level 5.1 Armour
 + Level 1.1 Dodging
 + Level 4.7 Shields


You had 5 spell levels left.
You didn't know any spells.
Your spell library contained the following spells:

 Spells                   Type           Power      Damage    Failure   Level
 Volatile Blastmotes      Fire/Tloc      0%         2d10      100%        3
 Fulminant Prism          Conj/Alch      0%         3d5       100%        4
 Iskenderun's Mystic Bla Conj/Tloc 0%             2d3        (+2d1     100%        4


Dungeon Overview and Level Annotations

Branches:
Dungeon (7/15)             Temple (1/1) D:6

Altars:
Dithmenos
Fedhas
Yredelemnul
Zin


Innate Abilities, Weirdness & Mutations

You have a pair of horns on your head.
You reflexively headbutt those who attack you in melee.


Message History

The black bear is heavily wounded.
You hit the iguana but do no damage. The black bear bites you.
You block the black bear's attack.
The black bear claws you but does no damage.
The iguana bites you!
You hit the black bear.
The black bear is severely wounded.
You barely miss the iguana.
An orc comes into view. It is wielding a +0 club.
The black bear barely misses you. You furiously retaliate!
You headbutt the black bear, but do no damage.
The black bear claws you but does no damage.
You block the black bear's attack.
The iguana bites you but does no damage.
The black bear bites you but does no damage.
You block the black bear's attack. The black bear claws you.
The iguana bites you but does no damage.
The orc moves out of view.
You hit the black bear.
The black bear is almost dead.
You barely miss the iguana.
The black bear goes berserk!
The iguana bites you but does no damage.
You hit the black bear.
The black bear is almost dead.
You barely miss the iguana. The black bear bites you.
The black bear barely misses you. The black bear claws you.
The iguana bites you but does no damage.
The black bear bites you.
The black bear claws you but does no damage.
The black bear claws you.
You hit the black bear but do no damage.
The black bear is almost dead.
You barely miss the iguana. The black bear bites you!
* * * LOW HITPOINT WARNING * * *
The black bear barely misses you. x2; You block the iguana's attack.
The black bear bites you!
* * * LOW HITPOINT WARNING * * *
The black bear claws you but does no damage.
The black bear claws you.
You die...

.##. ..
... ... #.
..#..
...####
...
.......#<#
#........#
#.#####..#
#..h..#
#.##@.# ..
#l.!.?...
#.#
...######
. ....#
#.#...
...$.##
#..#..# ..
#..#


You could see a black bear (berserk) and an iguana.

Vanquished Creatures
  A black bear (D:6)
  A scorpion (D:3)
  An iguana (D:4)
  5 adders
  A dart slug (D:2)
  A ribbon worm (D:2)
  2 orcs
  8 endoplasms
  4 giant cockroaches
  9 goblins
  9 hobgoblins
  4 quokkas
  6 ball pythons
  4 bats
  3 frilled lizards
  4 kobolds
  7 rats
70 creatures vanquished.

Notes
Turn   | Place    | Note
-------+----------+-------------------------------------------
     0 | D:1      | Fodor the Minotaur Fighter began the quest for the Orb.
     0 | D:1      | Reached XP level 1. HP: 19/19 MP: 0/0
   120 | D:1      | Reached XP level 2. HP: 24/27 MP: 1/1
   240 | D:1      | Reached skill level 4 in Armour
   271 | D:1      | Found a faded altar of an unknown god.
   905 | D:2      | Reached XP level 3. HP: 28/33 MP: 2/2
  1582 | D:3      | Found a basalt altar of Yredelemnul.
  1590 | D:3      | Reached XP level 4. HP: 40/40 MP: 3/3
  1647 | D:3      | Found a blossoming altar of Fedhas.
  1765 | D:3      | Identified the +5 scale mail "Yfekilom" {rC+ rN+ Dex+2}
  2037 | D:3      | Noticed a scorpion
  2041 | D:3      | Killed a scorpion
  2042 | D:3      | Reached skill level 1 in Throwing
  2042 | D:3      | Reached XP level 5. HP: 47/47 MP: 4/4
  2270 | D:3      | Found a shadowy altar of Dithmenos.
  2497 | D:4      | Reached skill level 5 in Armour
  2524 | D:4      | You fall into a shaft and drop 3 floors!
  2532 | D:6      | Found a staircase to the Ecumenical Temple.
  2532 | D:6      | Noticed a black bear
  2536 | D:6      | Killed a black bear
  2537 | D:6      | Reached skill level 1 in Dodging
  2537 | D:6      | Reached XP level 6. HP: 47/53 MP: 5/5
  2542 | Temple   | Entered the Ecumenical Temple
  2611 | D:6      | HP: 2/53 [black bear (11)]
  2611 | D:6      | Slain by a black bear

Illustrated notes

Levels and vault maps discovered:
D:1:      dpeg_arrival_arbitrary_b, layout_basic,
          hellmonk_ecumenical_altar_arch_garden, st_stairs_12
D:2:      layout_loops_ring, minmay_nonomino_d4
D:3:      layout_loops_corners, fedhas_altar_1,
          grunt_dithmenos_smoke_and_mirrors, yredelemnul_altar_generic
D:4:      minmay_opposing_rooms, layout_loops_corners,
          hangedman_abyss_or_decor_stagger, uniq_natasha, uniq_duvessa,
          uniq_grinder
D:6:      layout_rooms, grunt_temple_overflow_open, nemelex_spade_bored_becter,
          jmf_multi_god_temple2, minmay_temple_entry_from_below_a,
          minmay_misc_feat_rugged, palyth_stone_intersect, grunt_ministairs_10,
          minmay_nine_imps
D:7:      layout_basic, worldfamousw_hep_ancestral_shrine,
          nicolae_wu_jian_immortal_techniques, nicolae_qazlal_style_of_elements,
          doesnt_shop_hydraphobe
Temple:   ebering_the_one_and_only

Skill      XL: |  1  2  3  4  5 |
---------------+----------------+-----
Fighting       | 4 |  4.5
Armour         | 4 5 |  5.1
Shields        | 4 |  4.7
Axes           | 3 4 |  4.7
Throwing       | 1 |  1.3
Dodging        | 1 |  1.1

Action                     |  1- 3 |  4- 6 || total
---------------------------+-------+-------++-------
  Melee: War axe           |    76 |    79 ||   155
         Headbutt          |    14 |    10 ||    24
  Throw: Boomerang         |    15 |       ||    15
 Armour: Scale mail        |    24 |       ||    24
         Chain mail        |    49 |    75 ||   124
  Dodge: Dodged            |    33 |    30 ||    63
  Block: Buckler           |     4 |       ||     4
         Kite shield       |    21 |    48 ||    69

Table legend: (Time is in decaauts)
 A = Elapsed time spent in this place.
 B = Non-inter-level travel time spent in this place.
 C = Inter-level travel time spent in this place.
 D = Time resting spent in this place.
 E = Time spent auto-exploring this place.
 F = Levels seen in this place.
 G = Mean time per level.
                   A        B        C        D        E       F      G
               +--------+--------+--------+--------+--------+-----+--------+
         Total |   2686 |   2611 |     75 |      0 |   1836 |   7 |  383.7 |
       Dungeon |   2680 |   2605 |     75 |      0 |   1836 |   6 |  446.7 |
        Temple |      5 |      5 |      0 |      0 |      0 |   1 |    5.0 |
               +--------+--------+--------+--------+--------+-----+--------+

Top non-repeatable levels by time:
     D:3: 859 daAuts
     D:1: 838 daAuts
     D:2: 784 daAuts
     D:4: 110 daAuts
     D:7: 53 daAuts
     D:6: 33 daAuts
  Temple: 5 daAuts
